 Dungeon Crawl Stone Soup version 0.25-a0-860-gf695395 (webtiles) character file.

Game seed: 14540674967753349354, levelgen mode: deterministic

67 Faca the Vandal (level 4, -1/31 HPs)
             Began as a Halfling Hunter on Apr 27, 2020.
             Killed from afar by an orc wizard (9 damage)
             ... with a magic dart
             ... on level 2 of the Dungeon.
             The game lasted 00:04:42 (2322 turns).

Faca the Vandal (Halfling Hunter)                   Turns: 2322, Time: 00:04:43

Health: -1/31      AC:  5    Str: 14    XL:     4   Next: 38%
Magic:  4/4        EV: 13    Int:  9    God:
Gold:   110        SH:  0    Dex: 14    Spells: 3/3 levels left

rFire    . . .     SeeInvis .   b - +0 short sword
rCold    . . .     Gourm    .   (shield restricted)
rNeg     . . .     Faith    .   e - +0 ring mail
rPois    .         Spirit   .   (no helmet)
rElec    .         Reflect  .   (no cloak)
rCorr    .         Harm     .   (no gloves)
MR       .....                  (no boots)
Stlth    +.........             (no amulet)
HPRegen  0.10/turn              (no ring)
MPRegen  0.09/turn              (no ring)

@: no status effects
A: small, mutation resistance 1
a: no special abilities


You were on level 2 of the Dungeon.
You were hungry.

You visited 1 branch of the dungeon, and saw 3 of its levels.

You collected 110 gold pieces.

Inventory:

Hand Weapons
 a - a +1 hunting sling
 b - a +0 short sword (weapon)
Missiles
 c - 41 stones
 d - 20 sling bullets
 l - 7 poisoned darts (quivered)
Armour
 e - a +0 ring mail (worn)
Wands
 n - a wand of iceblast (6)
Scrolls
 g - a scroll of immolation
 m - 3 scrolls of identify
Potions
 o - a potion of brilliance
Comestibles
 f - 3 rations


   Skills:
 + Level 3.0 Fighting
 + Level 7.0 Slings
 - Level 2.1 Dodging
 - Level 1.1 Stealth


You had 3 spell levels left.
You didn't know any spells.
Your spell library was empty.

Dungeon Overview and Level Annotations

Branches:
Dungeon (3/15)

Altars:
Sif Muna
The Shining One


Innate Abilities, Weirdness & Mutations

You are small and have problems with some larger weapons.
You are somewhat resistant to further mutation.


Message History

You hit something. Something hits you but does no damage.
You closely miss something. Something hits you but does no damage.
You hear some strange, mumbled words.
You are confused.
You're too confused to move!
Something hits you.
You see here a short sword.
You bump into the rock wall.
Something barely misses you.
You hit something but do no damage. Something hits you.
You feel less confused. Something hits you but does no damage.
You closely miss something. Something hits you.
You barely miss something. Something hits you but does no damage.
You miss something. Something hits you.
You closely miss something. Something hits you.
* * * LOW HITPOINT WARNING * * *
You closely miss something.
You hear some strange, mumbled words.
A magic dart appears from out of thin air!
The magic dart hits you!
You die...

####################
#####.......#..........#
......#####.#.......##.#
##########..<..####.##.#
...........#...####.##.#
##########....##>##.##.# #
##.#.#.#.#.##.########## #
#.#..#@).)............. #
#.#.#...#.##.########## #
#.#.##.##.#...## # #
##.#.##.##......# #
#....#...###...## ##
#.#.......###.## #.
##########.#..........)#########.
......#....#.......###...........
#####.#.#######..........#######.


There were no monsters in sight!

Vanquished Creatures
  2 adders (D:2)
  2 worms (D:2)
  A leopard gecko (D:1)
  A ball python (D:1)
  5 goblins
  5 hobgoblins
  9 jackals
  3 bats (D:2)
  2 frilled lizards
  5 kobolds
  2 rats (D:1)
37 creatures vanquished.

Notes
Turn   | Place    | Note
-------+----------+-------------------------------------------
     0 | D:1      | Faca the Halfling Hunter began the quest for the Orb.
     0 | D:1      | Reached XP level 1. HP: 14/14 MP: 1/1
    89 | D:1      | Reached skill level 6 in Slings
    95 | D:1      | Reached XP level 2. HP: 16/19 MP: 2/2
   455 | D:1      | Found a glowing golden altar of the Shining One.
   815 | D:1      | Reached XP level 3. HP: 20/25 MP: 3/3
  1197 | D:2      | Found a shimmering blue altar of Sif Muna.
  1368 | D:2      | Reached XP level 4. HP: 17/30 MP: 4/4
  1540 | D:2      | Reached skill level 7 in Slings
  2322 | D:2      | Killed from afar by an orc wizard

Levels and vault maps discovered:
D:1:      minmay_arrival_shoal_huts, layout_basic, minmay_misc_feat_iff,
          minmay_curled_crystal, hangedman_decor_clover_reticule, tso_metal_star
D:2:      layout_loops_ring, lemuel_blue_sif_altar
D:3:      layout_rooms

Skill      XL: |  1  2  3  4 |
---------------+-------------+-----
Fighting       | 2 3 |  3.0
Slings         | 6 7 |  7.0
Dodging        | |  2.1
Stealth        | |  1.1

Action                   |  1- 3 |  4- 6 || total
-------------------------+-------+-------++-------
Melee: Short sword       |   117 |    78 ||   195
  Use: Potion            |     4 |       ||     4
       Scroll            |       |     6 ||     6
 Stab: Invisible         |       |     1 ||     1
  Eat: Chunk             |     1 |     3 ||     4
Armor: Ring mail         |    38 |    22 ||    60
       Leather armour    |     1 |       ||     1
Dodge: Dodged            |    94 |    50 ||   144

Table legend:
 A = Non-vault XP
 B = Vault XP
 C = Vault XP percentage of total XP
 D = Non-vault monster count
 E = Vault monster count
 F = Vault count percentage of total count
                 A         B        C        D         E       F
            +---------+---------+-------+---------+---------+-------
      Total |      96 |       0 |   0.0 |      37 |       0 |   0.0
            +---------+---------+-------+---------+---------+-------
        D:1 |      32 |       0 |   0.0 |      18 |       0 |   0.0
        D:2 |      64 |       0 |   0.0 |      19 |       0 |   0.0
            +---------+---------+-------+---------+---------+-------
